 Dungeon Crawl Stone Soup version 0.28.0-49-g6dfe1f597d (webtiles) character file.

Game seed: 11227180126621258037

28 Zeld the Conjurer (level 3, 27/27 HPs)
             Began as a Draconian Conjurer on May 11, 2022.
             Quit the game on level 2 of the Dungeon.
             The game lasted 00:01:24 (1039 turns).

Zeld the Conjurer (Draconian Conjurer)              Turns: 1039, Time: 00:01:24

Health: 27/27      AC:  5    Str: 11    XL:     3   Next: 0%
Magic:  4/6        EV: 12    Int: 18    God:
Gold:   14         SH:  0    Dex:  9    Spells: 3/6 levels left

rFire   . . .      SeeInvis .   (no weapon)
rCold   . . .      Faith    .   (no shield)
rNeg    . . .      Spirit   .   (armour unavailable)
rPois   .          Reflect  .   (helmet restricted)
rElec   .          Harm     .   (no cloak)
rCorr   .          Rampage  .   (no gloves)
Will    .....                   (no boots)
Stlth   ++........              (no amulet)
HPRegen 0.09/turn               (no ring)
MPRegen 0.10/turn               (no ring)

@: no status effects
A: AC +5, unfitting armour, cold-blooded
a: no special abilities


You were on level 2 of the Dungeon.
You visited 1 branch of the dungeon, and saw 2 of its levels.

You collected 14 gold pieces.

Inventory:

Jewellery
 a - a ring of see invisible
Scrolls
 b - a scroll of identify {unknown}
 c - a scroll of immolation {unknown}


   Skills:
 + Level 0.6 Fighting
 + Level 1.9 Dodging
 + Level 2.1 Stealth
 * Level 2.4 Spellcasting
 * Level 4.3 Conjurations


You had 3 spell levels left.
You knew the following spells:

 Your Spells              Type           Power      Damage    Failure   Level
a - Magic Dart            Conj           68%        1d6       3%          1
b - Searing Ray           Conj           34%        2d5       4%          2

Your spell library contained the following spells:

 Spells                   Type           Power      Damage    Failure   Level
 Dazzling Flash           Conj/Hex       20%        N/A       22%         3
 Fulminant Prism          Conj/Hex       5%         3d7       56%         4
 Iskenderun's Mystic Bla  Conj/Tloc      10%        2d4       56%         4


Dungeon Overview and Level Annotations

Branches:
Dungeon (2/15)

Altars:


Innate Abilities, Weirdness & Mutations

Your plain brown scales are hard. (AC +5)
You cannot fit into any form of body armour.
You are cold-blooded and may be slowed by cold attacks.


Message History

The giant cockroach bites you but does no damage.
You hit the giant cockroach. You tail-slap the giant cockroach.
You kill the giant cockroach!
You hit the giant cockroach. You tail-slap the giant cockroach.
You kill the giant cockroach!
Things that are here:
a giant cockroach corpse; a giant cockroach corpse No target in view!
You see here a hobgoblin corpse.
No target in view!
No target in view!
Found a spear.
There is a stone staircase leading down here.
Found a dagger.
A sourceless malevolence fills the Dungeon...
You fall into a shaft and drop 1 floor!
The shaft crumbles and collapses.
A hobgoblin comes into view.
The hobgoblin shouts!
Found a scroll labelled MUCOTS ATULAUR, a runed orb, a black potion and a robe.
Found a stone staircase leading up.
A hobgoblin is nearby!
A hobgoblin is nearby!
Found a scroll labelled QUXOC AZAKUUHU.
You see here an orb of guile.
Press: ? - help, v - describe, . - travel, g - get item Item here: an orb of guile.
The floor.
Casting: Magic Dart (safe; 3% risk of failure)
Confirm with . or Enter, or press ? or * to list all spells.
Aiming: Magic Dart (safe; 3% risk of failure)
Press: ? - help, Shift-Dir - straight line, f - hobgoblin
Aim: a hobgoblin (100% to hit)
The magic dart hits the hobgoblin.
You kill the hobgoblin!
You have reached level 3!
Your experience leads to an increase in your attributes!
Increase (S)trength, (I)ntelligence, or (D)exterity?
You feel stronger. x2; Your scales feel tougher.
Are you sure you want to abandon this character and quit the game? (Confirm with "yes".)

....... ..
......[ .#
..†.... ..#
<......
..##..... #
#.#....#
#..###.#.?.#
#........####
#..#!.@.....#
#.............#
..##...........#
.............#
...#...........#
?# #...........#
#............
..#........#


There were no monsters in sight!

Vanquished Creatures
  A ball python (D:1)
  6 giant cockroaches (D:1)
  4 goblins (D:1)
  5 hobgoblins
  2 jackals (D:1)
  2 frilled lizards (D:1)
  3 kobolds (D:1)
  A rat (D:1)
24 creatures vanquished.

Notes
Turn   | Place    | Note
-------+----------+-------------------------------------------
     0 | D:1      | Zeld the Draconian Conjurer began the quest for the Orb.
     0 | D:1      | Reached XP level 1. HP: 14/14 MP: 3/3
   353 | D:1      | Reached XP level 2. HP: 22/22 MP: 1/5
   412 | D:1      | Learned a level 2 spell: Searing Ray
  1036 | D:1      | You fall into a shaft and drop 1 floor!
  1039 | D:2      | Reached XP level 3. HP: 27/27 MP: 4/6
  1039 | D:2      | Quit the game

Illustrated notes

Levels and vault maps discovered:
D:1:      amcnicky_arrival_feature_with_door, layout_basic
D:2:      layout_rooms, nicolae_ecumenical_oubliette

Skill      XL: |  1  2 |
---------------+-------+-----
Stealth        | 2 |  2.1
Fighting       | |  0.6
Dodging        | |  1.9
Spellcasting   | |  2.4
Conjurations   | |  4.3

Action                   || total
-------------------------++-------
Melee: Unarmed           ||    49
       Tailslap          ||     9
       Punch             ||     1
 Cast: Magic Dart        ||    38
Armor: Skin              ||    25
Dodge: Dodged            ||    35
